General information
- name: BNet
- type: Ladder team game (AT/RT)
- host: Battle.net
- saver: OShiiii
map: GolemsInTheMist
- players: 8
- length: 46:17
- speed: Fast
- version: 1.26 W3XP
- replay type: Public
» download(231 KB)
Players
team 1 (winner)

»
hellfreeze (
teal | 20 APM | 930 actions | 46:17)
4 Mountain King
2 Storm Bolt
2 Thunder Clap
1 Paladin
1 Divine Shield
» actions
| Assign group hotkey | 23 | |
| Basic commands | 7 | |
| Build / train | 67 | |
| Enter build submenu | 23 | |
| Enter hero's abilities submenu | 5 | |
| Right click | 270 | |
| Select / deselect | 231 | |
| Select group hotkey | 254 | |
| Use ability | 50 | |
930 total
» units
| Peasant | 10 | |
| Footman | 6 | |
| Priest | 6 | |
| Knight | 16 | |
| Gryphon Rider | 6 | |
44 total
» upgrades
| Swords | 3 | |
| Plating | 3 | |
| Priest Training | 2 | |
| Animal War Training | 1 | |
9 total
» buildings
| Altar of Kings | 1 | |
| Farm | 11 | |
| Barracks | 2 | |
| Scout Tower | 3 | |
| Arcane Vault | 1 | |
| Arcane Tower | 2 | |
| Blacksmith | 1 | |
| Lumber Mill | 1 | |
| Keep | 1 | |
| Guard Tower | 1 | |
| Castle | 1 | |
| Arcane Sanctum | 1 | |
26 total
» build order
00:06 Altar of Kings
00:11 Farm
00:54 Farm
00:57 Barracks
01:34 Scout Tower
01:55 Arcane Vault
02:05 Farm
02:35 Arcane Tower
02:57 Blacksmith
03:40 Lumber Mill
03:47 Keep
04:04 Barracks
05:32 Scout Tower
06:03 Guard Tower
06:09 Castle
06:16 Farm
06:29 Arcane Sanctum
07:21 Farm
08:01 Farm
08:46 Farm
09:27 Farm
10:22 Farm
11:06 Farm
25:09 Farm
29:32 Scout Tower
29:59 Arcane Tower
» items
| Scroll of Regeneration | 2 | |
| Scroll of Town Portal | 1 | |
3 total
New_New (
orange | 46 APM | 807 actions | 17:24)
2 Blood Mage
1 Siphon Mana
1 Flame Strike
2 Paladin
1 Holy Light
1 Divine Shield
1 Mountain King
1 Storm Bolt
» actions
| Assign group hotkey | 10 | |
| Basic commands | 1 | |
| Build / train | 68 | |
| Enter build submenu | 19 | |
| Enter hero's abilities submenu | 6 | |
| Remove unit from queue | 7 | |
| Right click | 226 | |
| Select / deselect | 236 | |
| Select group hotkey | 192 | |
| Use ability | 42 | |
807 total
» units
» upgrades
| Gunpowder | 2 | |
| Plating | 2 | |
| Lumber Harvesting | 1 | |
| Barrage | 1 | |
6 total
» buildings
| Farm | 6 | |
| Altar of Kings | 1 | |
| Lumber Mill | 1 | |
| Scout Tower | 4 | |
| Arcane Tower | 2 | |
| Keep | 3 | |
| Arcane Vault | 1 | |
| Blacksmith | 1 | |
| Castle | 1 | |
| Workshop | 2 | |
| Guard Tower | 5 | |
27 total
» build order
00:32 Farm
00:47 Farm
01:05 Altar of Kings
01:16 Lumber Mill
01:21 Scout Tower
01:31 Scout Tower
02:16 Farm
02:47 Arcane Tower
03:25 Keep
03:25 Keep
03:50 Arcane Vault
04:35 Blacksmith
05:32 Farm
05:48 Castle
05:52 Farm
06:22 Farm
08:16 Arcane Tower
09:17 Workshop
09:21 Workshop
10:41 Scout Tower
11:11 Guard Tower
12:24 Scout Tower
13:06 Guard Tower
15:31 Guard Tower
15:36 Guard Tower
15:48 Guard Tower
» items
| Scroll of Town Portal | 2 | |
| Ivory Tower | 12 | |
| Scroll of Regeneration | 1 | |
15 total

»
WantNewComputer (
blue | 55 APM | 980 actions | 17:43)
2 Mountain King
1 Storm Bolt
1 Bash
2 Paladin
1 Holy Light
1 Devotion Aura
» actions
| Assign group hotkey | 11 | |
| Basic commands | 26 | |
| Build / train | 53 | |
| Enter build submenu | 25 | |
| Enter hero's abilities submenu | 4 | |
| Give item / drop item | 1 | |
| Remove unit from queue | 2 | |
| Right click | 508 | |
| Select / deselect | 199 | |
| Select group hotkey | 74 | |
| Use ability | 77 | |
980 total
» units
| Peasant | 9 | |
| Footman | 8 | |
| Goblin Shredder | 3 | |
| Spell Breaker | 5 | |
| Knight | 1 | |
| Gryphon Rider | 2 | |
| Rifleman | 1 | |
29 total
» upgrades
| Defend | 1 | |
| Masonry | 1 | |
| Animal War Training | 1 | |
| Long Rifles | 1 | |
| Storm Hammers | 1 | |
5 total
» buildings
| Barracks | 2 | |
| Farm | 11 | |
| Altar of Kings | 1 | |
| Arcane Vault | 1 | |
| Keep | 1 | |
| Scout Tower | 4 | |
| Arcane Tower | 2 | |
| Blacksmith | 1 | |
| Lumber Mill | 2 | |
| Castle | 1 | |
| Town Hall | 1 | |
| Guard Tower | 1 | |
| Arcane Sanctum | 1 | |
| Gryphon Aviary | 2 | |
31 total
» build order
00:21 Barracks
00:35 Farm
00:51 Altar of Kings
01:08 Farm
01:45 Arcane Vault
02:01 Farm
03:20 Keep
03:36 Scout Tower
03:49 Farm
04:05 Arcane Tower
05:29 Blacksmith
05:32 Lumber Mill
05:38 Lumber Mill
05:54 Farm
06:29 Castle
08:37 Castle
09:20 Scout Tower
09:24 Scout Tower
10:03 Town Hall
10:06 Scout Tower
10:14 Guard Tower
11:09 Arcane Tower
11:24 Barracks
11:26 Arcane Sanctum
12:12 Gryphon Aviary
12:34 Gryphon Aviary
12:38 Farm
13:42 Farm
13:45 Farm
14:44 Farm
14:45 Farm
14:45 Farm
» items
| Scroll of Town Portal | 3 | |
| Lesser Clarity Potion | 2 | |
| Potion of Healing | 1 | |
| Scroll of Regeneration | 1 | |
7 total
GooGooGaChoo (
purple | 71 APM | 3294 actions | 46:15)
5 Blademaster
3 Wind Walk
2 Critical Strike
5 Shadow Hunter
2 Hex
3 Healing Wave
» actions
| Assign group hotkey | 62 | |
| Basic commands | 54 | |
| Build / train | 77 | |
| Enter build submenu | 29 | |
| Enter hero's abilities submenu | 12 | |
| Give item / drop item | 4 | |
| Remove unit from queue | 1 | |
| Right click | 1365 | |
| Select / deselect | 361 | |
| Select group hotkey | 1100 | |
| Use ability | 229 | |
3294 total
» units
| Peon | 7 | |
| Grunt | 4 | |
| Goblin Shredder | 1 | |
| Raider | 3 | |
| Goblin Zeppelin | 1 | |
| Troll Batrider | 10 | |
| Goblin Sapper | 5 | |
| Wind Rider | 4 | |
35 total
» upgrades
| Ensnare | 1 | |
| Reinforced Defenses | 1 | |
| Melee Weapons | 1 | |
| Armor | 2 | |
| Ranged Weapons | 3 | |
| Liquid Fire | 1 | |
| Envenomed Spears | 1 | |
10 total
» buildings
| Altar of Storms | 1 | |
| Orc Burrow | 7 | |
| Barracks | 1 | |
| Voodoo Lounge | 2 | |
| Stronghold | 1 | |
| Beastiary | 4 | |
| Fortress | 1 | |
| War Mill | 2 | |
| Watch Tower | 37 | |
| Great Hall | 1 | |
57 total
» build order
00:07 Altar of Storms
00:19 Orc Burrow
00:36 Barracks
01:22 Orc Burrow
01:58 Voodoo Lounge
02:53 Stronghold
04:00 Orc Burrow
05:40 Voodoo Lounge
06:11 Orc Burrow
06:25 Beastiary
06:27 Beastiary
07:08 Fortress
08:22 War Mill
09:41 Watch Tower
09:42 Watch Tower
09:42 Watch Tower
09:43 Watch Tower
09:46 Watch Tower
09:48 Watch Tower
10:59 Great Hall
12:05 Watch Tower
12:06 Watch Tower
12:07 Watch Tower
12:07 Watch Tower
12:09 Watch Tower
12:10 Watch Tower
13:11 Watch Tower
13:11 Watch Tower
13:18 Watch Tower
13:19 Watch Tower
13:45 Watch Tower
13:45 Watch Tower
13:46 Watch Tower
15:17 Watch Tower
16:31 Watch Tower
16:32 Watch Tower
18:13 Watch Tower
18:14 Watch Tower
18:15 Watch Tower
18:42 Watch Tower
18:42 Watch Tower
18:42 Watch Tower
18:43 Watch Tower
19:37 Watch Tower
20:18 Watch Tower
20:19 Watch Tower
20:19 Watch Tower
20:23 Watch Tower
20:24 Watch Tower
20:48 Watch Tower
20:48 Watch Tower
23:16 Orc Burrow
23:17 Orc Burrow
28:08 War Mill
28:14 Orc Burrow
32:33 Beastiary
32:34 Beastiary
» items
| Healing Salve | 5 | |
| Lesser Clarity Potion | 1 | |
| Scroll of Town Portal | 6 | |
| Potion of Healing | 3 | |
| Orb of Lightning | 1 | |
16 total
team 2 (loser)
Kbilly (
green | 26 APM | 1222 actions | 46:17)
6 Blademaster
2 Mirror Image
1 Wind Walk
2 Critical Strike
1 Bladestorm
4 Tauren Chieftain
2 Endurance Aura
1 War Stomp
1 Shockwave
» actions
| Assign group hotkey | 25 | |
| Basic commands | 70 | |
| Build / train | 72 | |
| ESC pressed | 7 | |
| Enter build submenu | 40 | |
| Enter hero's abilities submenu | 10 | |
| Right click | 289 | |
| Select / deselect | 270 | |
| Select group hotkey | 325 | |
| Use ability | 114 | |
1222 total
» units
| Peon | 21 | |
| Grunt | 6 | |
| Goblin Shredder | 1 | |
| Troll Witch Doctor | 2 | |
| Tauren | 2 | |
| Shaman | 1 | |
33 total
» upgrades
| Pillage | 1 | |
| Armor | 3 | |
| Spiked Barricades | 2 | |
| Witch Doctor Training | 2 | |
| Shaman Training | 2 | |
| Pulverize | 1 | |
| Reinforced Defenses | 1 | |
| Melee Weapons | 3 | |
15 total
» buildings
| Altar of Storms | 1 | |
| Orc Burrow | 8 | |
| Barracks | 1 | |
| Voodoo Lounge | 2 | |
| Stronghold | 2 | |
| War Mill | 1 | |
| Fortress | 1 | |
| Spirit Lodge | 2 | |
| Great Hall | 6 | |
| Watch Tower | 14 | |
| Tauren Totem | 2 | |
40 total
» build order
00:10 Altar of Storms
00:18 Orc Burrow
00:56 Barracks
01:28 Orc Burrow
01:50 Voodoo Lounge
03:25 Orc Burrow
04:47 Stronghold
04:52 War Mill
07:14 Fortress
07:16 Spirit Lodge
07:18 Spirit Lodge
08:28 Orc Burrow
09:30 Great Hall
09:34 Watch Tower
10:04 Tauren Totem
10:30 Watch Tower
10:33 Tauren Totem
11:06 Great Hall
11:33 Watch Tower
12:17 Watch Tower
13:44 Watch Tower
14:54 Great Hall
15:13 Watch Tower
16:43 Watch Tower
17:41 Orc Burrow
17:44 Orc Burrow
17:47 Watch Tower
17:59 Orc Burrow
19:33 Great Hall
19:42 Watch Tower
20:10 Voodoo Lounge
20:14 Watch Tower
22:09 Watch Tower
22:24 Watch Tower
22:44 Watch Tower
23:14 Watch Tower
23:45 Stronghold
24:18 Orc Burrow
26:19 Great Hall
27:45 Great Hall
» items
| Healing Salve | 2 | |
| Scroll of Speed | 1 | |
| Scroll of Town Portal | 2 | |
| Orb of Lightning | 3 | |
| Tiny Great Hall | 1 | |
9 total
Rampager (
red | 48 APM | 1980 actions | 40:55)
5 Keeper of the Grove
3 Entangling Roots
2 Thorns Aura
1 Priestess of the Moon
1 Trueshot Aura
» actions
| Assign group hotkey | 47 | |
| Basic commands | 12 | |
| Build / train | 79 | |
| Enter build submenu | 20 | |
| Enter hero's abilities submenu | 6 | |
| Give item / drop item | 1 | |
| Right click | 955 | |
| Select / deselect | 248 | |
| Select group hotkey | 540 | |
| Use ability | 72 | |
1980 total
» units
| Wisp | 19 | |
| Archer | 15 | |
| Hippogryph | 13 | |
47 total
» upgrades
| Strength of the Moon | 2 | |
| Ultravision | 1 | |
| Moon Armor | 2 | |
| Strength of the Wild | 3 | |
| Improved Bows | 1 | |
| Reinforced Hides | 3 | |
| Hippogryph Taming | 1 | |
| Marksmanship | 1 | |
14 total
» buildings
| Altar of Elders | 1 | |
| Moon Well | 6 | |
| Ancient of War | 1 | |
| Hunter's Hall | 1 | |
| Ancient Protector | 6 | |
| Tree of Ages | 1 | |
| Ancient of Wonders | 1 | |
| Ancient of Wind | 1 | |
| Tree of Eternity | 1 | |
| Tree of Life | 1 | |
20 total
» build order
00:15 Altar of Elders
00:21 Moon Well
00:37 Ancient of War
01:35 Hunter's Hall
02:00 Moon Well
03:20 Moon Well
03:38 Ancient Protector
05:28 Tree of Ages
05:39 Ancient of Wonders
06:17 Moon Well
08:16 Ancient Protector
08:34 Ancient of Wind
09:08 Tree of Eternity
12:17 Moon Well
18:27 Moon Well
18:40 Ancient Protector
20:12 Ancient Protector
20:16 Tree of Life
21:01 Ancient Protector
21:08 Ancient Protector
» items
| Moonstone | 1 | |
| Potion of Healing | 4 | |
| Scroll of Town Portal | 3 | |
8 total

»
VvIiZzIiOoNn (
pink | 32 APM | 1316 actions | 40:47)
8 Blademaster
3 Wind Walk
3 Critical Strike
1 Bladestorm
1 Mirror Image
» actions
| Assign group hotkey | 247 | |
| Basic commands | 116 | |
| Build / train | 59 | |
| Enter build submenu | 20 | |
| Enter hero's abilities submenu | 8 | |
| Remove unit from queue | 2 | |
| Right click | 240 | |
| Select / deselect | 269 | |
| Select group hotkey | 326 | |
| Use ability | 29 | |
1316 total
» units
| Peon | 9 | |
| Grunt | 11 | |
| Shaman | 8 | |
| Tauren | 8 | |
36 total
» upgrades
| Armor | 3 | |
| Melee Weapons | 3 | |
| Shaman Training | 2 | |
| Berserker Strength | 1 | |
| Pulverize | 1 | |
10 total
» buildings
| Altar of Storms | 2 | |
| Orc Burrow | 10 | |
| Barracks | 1 | |
| Stronghold | 1 | |
| War Mill | 1 | |
| Fortress | 1 | |
| Spirit Lodge | 1 | |
| Tauren Totem | 2 | |
| Great Hall | 1 | |
20 total
» build order
00:10 Altar of Storms
00:14 Orc Burrow
00:38 Barracks
01:30 Orc Burrow
03:00 Orc Burrow
04:18 Stronghold
05:27 Orc Burrow
05:32 War Mill
07:16 Fortress
07:19 Spirit Lodge
08:21 Orc Burrow
09:41 Tauren Totem
10:07 Tauren Totem
12:10 Orc Burrow
12:13 Orc Burrow
24:50 Great Hall
27:38 Orc Burrow
27:39 Orc Burrow
27:41 Orc Burrow
38:01 Altar of Storms
OShiiii (
yellow | 47 APM | 2176 actions | 46:17)
5 Blood Mage
3 Flame Strike
2 Siphon Mana
» actions
| Assign group hotkey | 137 | |
| Basic commands | 265 | |
| Build / train | 111 | |
| Enter build submenu | 63 | |
| Enter hero's abilities submenu | 5 | |
| Give item / drop item | 5 | |
| Right click | 781 | |
| Select / deselect | 483 | |
| Select group hotkey | 181 | |
| Use ability | 145 | |
2176 total
» units
| Peasant | 12 | |
| Footman | 4 | |
| Sorceress | 2 | |
| Goblin Shredder | 3 | |
| Goblin Sapper | 17 | |
| Gryphon Rider | 6 | |
44 total
» upgrades
| Masonry | 3 | |
| Lumber Harvesting | 2 | |
| Sorceress Training | 1 | |
| Storm Hammers | 1 | |
| Swords | 3 | |
| Armor | 3 | |
| Cloud | 1 | |
| Animal War Training | 1 | |
| Magic Sentry | 1 | |
16 total
» buildings
| Altar of Kings | 2 | |
| Barracks | 2 | |
| Farm | 12 | |
| Arcane Vault | 1 | |
| Lumber Mill | 2 | |
| Keep | 4 | |
| Arcane Sanctum | 1 | |
| Town Hall | 5 | |
| Gryphon Aviary | 6 | |
| Scout Tower | 42 | |
| Guard Tower | 22 | |
| Castle | 1 | |
| Blacksmith | 2 | |
102 total
» build order
00:40 Altar of Kings
00:46 Altar of Kings
00:53 Barracks
00:58 Farm
01:05 Farm
01:06 Farm
01:10 Farm
01:51 Farm
03:37 Arcane Vault
03:39 Lumber Mill
03:43 Keep
03:43 Keep
03:43 Keep
05:39 Farm
06:23 Arcane Sanctum
06:47 Town Hall
07:23 Gryphon Aviary
07:23 Gryphon Aviary
07:23 Gryphon Aviary
08:07 Scout Tower
08:09 Scout Tower
08:10 Scout Tower
08:12 Scout Tower
08:41 Guard Tower
08:45 Guard Tower
08:45 Guard Tower
08:46 Guard Tower
08:47 Guard Tower
08:48 Guard Tower
09:09 Guard Tower
09:39 Castle
09:45 Blacksmith
09:46 Blacksmith
10:14 Lumber Mill
12:20 Scout Tower
12:20 Scout Tower
12:21 Scout Tower
12:23 Scout Tower
12:23 Scout Tower
13:32 Guard Tower
13:34 Guard Tower
14:11 Scout Tower
14:11 Scout Tower
14:11 Scout Tower
14:12 Scout Tower
16:34 Town Hall
16:37 Town Hall
16:43 Scout Tower
16:44 Scout Tower
16:44 Scout Tower
16:44 Scout Tower
16:46 Scout Tower
16:47 Scout Tower
16:48 Scout Tower
16:49 Scout Tower
17:12 Guard Tower
17:17 Guard Tower
17:31 Gryphon Aviary
17:31 Gryphon Aviary
17:38 Barracks
17:40 Gryphon Aviary
18:01 Guard Tower
18:44 Scout Tower
18:44 Scout Tower
18:45 Scout Tower
18:47 Scout Tower
18:50 Scout Tower
18:53 Scout Tower
18:53 Scout Tower
18:54 Scout Tower
18:55 Scout Tower
18:55 Scout Tower
18:56 Scout Tower
18:57 Scout Tower
18:57 Scout Tower
18:58 Scout Tower
18:59 Scout Tower
19:04 Scout Tower
19:05 Scout Tower
19:06 Scout Tower
19:08 Scout Tower
19:09 Scout Tower
19:19 Guard Tower
20:00 Guard Tower
20:09 Guard Tower
20:22 Guard Tower
20:44 Guard Tower
20:50 Farm
20:51 Farm
20:51 Farm
20:53 Farm
20:56 Farm
20:57 Farm
21:00 Guard Tower
21:08 Guard Tower
22:44 Guard Tower
26:20 Town Hall
30:59 Town Hall
» items
| Scroll of Regeneration | 5 | |
| Potion of Healing | 3 | |
| Potion of Mana | 2 | |
| Lesser Clarity Potion | 2 | |
| Scroll of Town Portal | 5 | |
| Scroll of Speed | 1 | |
18 total
Chat log
(00:06 / Allies) Kbilly: hi gang
(00:11 / Allies) OShiiii: Hey pal
(00:16 / Allies) VvIiZzIiOoNn: rush
(00:25 / Allies) Kbilly: ok rush
(00:29 / Allies) Rampager: kotg arch hypps
(00:38 / Allies) Kbilly: bm grunts
(01:02 / All) GooGooGaChoo: kbilly u lagging wtf man
(01:11 / All) Kbilly: Fixing now asshole.
(02:26 / Allies) VvIiZzIiOoNn: meet now
(02:26 / Allies) OShiiii: I'm cc
(02:32 / Allies) Kbilly: no yellow
(02:34 / Allies) Kbilly: we are rushing
(02:37 / Allies) VvIiZzIiOoNn: no yellow come plzz man
(02:38 / Allies) OShiiii: I'm cc though
(02:41 / Allies) Kbilly: no
(02:43 / Allies) OShiiii: you guys are dumb
(02:45 / Allies) VvIiZzIiOoNn: no man come
(02:45 / Allies) OShiiii: rushing with 2 units
(02:46 / Allies) Rampager: nvm loook at grn
(03:08 / Allies) Kbilly: meet
(03:19 / Allies) Kbilly: let's go yellow
(03:28 / Allies) VvIiZzIiOoNn: come wit me green and keep sending units to ur heros
(03:37 / Allies) Kbilly: no shit
(03:43 / Allies) Kbilly: yellow wtf?
(03:47 / Allies) Kbilly: I tk you later.
(03:51 / Allies) Rampager: hit and run
(03:59 / Allies) OShiiii: you need mass tier 1 for it to be effective
(04:14 / Allies) Kbilly: shop
(05:07 / Allies) VvIiZzIiOoNn: back
(05:09 / Allies) Kbilly: b
(05:17 / Allies) VvIiZzIiOoNn: gather untis there
(05:20 / Allies) Rampager: thanks ye shithead
(05:44 / Allies) VvIiZzIiOoNn: all meet agen and fucking come yellow u faggit
(05:54 / Allies) OShiiii: wow
(05:56 / Allies) Kbilly: don't hit yet
(05:57 / Allies) OShiiii: I don't need your assistance
(05:58 / Allies) Kbilly: we are not ready
(06:02 / Allies) Rampager: letys kill ye
(06:04 / Allies) Kbilly: Fuck yoyu yelllow
(06:06 / Allies) Rampager: lets kill ye
(06:15 / Allies) OShiiii: I need level 3 bro
(06:20 / Allies) Kbilly: Fuck you.
(06:26 / Allies) VvIiZzIiOoNn: come green
(06:27 / Allies) Rampager: kill ye
(06:33 / Allies) Kbilly: ok, but I don't have much
(07:01 / Allies) OShiiii: too my shreddar too
(07:09 / Allies) OShiiii: green you are making an enemy that you do not want
(07:15 / Allies) OShiiii: I cleared and had farm there
(07:21 / Allies) Kbilly: Fuck you.
(08:00 / Allies) Kbilly: b
(08:04 / Allies) VvIiZzIiOoNn: back now
(08:14 / Allies) VvIiZzIiOoNn: all meet there
(08:17 / Allies) Kbilly: no
(08:19 / Allies) Kbilly: expanding
(08:24 / Allies) Rampager: shop
(08:54 / Allies) Rampager: we stilll should kill ye
(09:10 / Allies) VvIiZzIiOoNn: meet now
(09:12 / Allies) OShiiii: wood
(09:19 / Allies) Rampager: fukoff ye
(09:30 / Allies) Rampager: should tp to ye and kill him
(10:10 / Allies) Rampager: towers
(10:17 / Allies) Kbilly: So we don't hit there
(12:58 / Allies) VvIiZzIiOoNn: get fucking gryphs u dum fuck
(14:08 / Allies) Kbilly: leave my exp
(14:37 / Allies) Kbilly: wtf team?
(15:26 / All) OShiiii: fucking bitch teal
(15:32 / All) Kbilly: What?
(15:48 / Allies) OShiiii: fucking up my plans of world domination
(15:57 / Allies) Kbilly: Fuck you.
(16:12 / Allies) OShiiii: why are you such a hostile prick?
(16:15 / Allies) OShiiii: I didn't agree to rush boy
(16:32 / Allies) Kbilly: YOu are rude and unhelpful.
(16:35 / Allies) Kbilly: So go fuck yourself.
(16:41 / Allies) OShiiii: I haven't been rude till you were
(16:41 / Allies) Rampager: ur s shithead ye
(16:48 / Allies) Kbilly: Wrong.
(16:50 / Allies) Rampager: solo game u fukoff
(17:01 / Allies) Kbilly: Red agrees with me.
(17:09 / Allies) Kbilly: main
(17:14 / Allies) OShiiii: Red is an idiot
(17:37 / Allies) VvIiZzIiOoNn: tp p;zzz
(20:37 / All) GooGooGaChoo: u guys suck
(20:38 / All) GooGooGaChoo: balls
(21:52 / Allies) Kbilly: move red
(22:23 / Allies) VvIiZzIiOoNn: i need gold plzz
(22:26 / All) GooGooGaChoo: leave idiot
(22:27 / All) GooGooGaChoo: teal
(22:59 / All) Kbilly: And now Yellow TK's. I told you he was an asshole.
(23:02 / Allies) VvIiZzIiOoNn: gold plzzz
(23:04 / All) OShiiii: :)
(23:07 / All) OShiiii: You are a prick
(23:21 / All) Kbilly: Nothing says "I'm not a prick" like tking your allies.
(23:32 / All) OShiiii: Maybe don't talk to me like a jerk?
(23:38 / All) Kbilly: Fuck you yellow
(23:42 / Allies) Rampager: ye ur a solo gamer
(23:43 / All) GooGooGaChoo: teal tryign to tk me
(23:44 / Allies) VvIiZzIiOoNn: lets hit here
(23:50 / Allies) Kbilly: agree
(23:52 / Allies) Rampager: play 1 v 1 only shithead
(24:34 / All) OShiiii: lol red
(24:49 / Allies) Rampager: stil a shithead
(25:04 / Allies) VvIiZzIiOoNn: lol
(25:08 / Allies) VvIiZzIiOoNn: u guys r fucked lol
(25:18 / Allies) Rampager: kill ye
(25:41 / Allies) VvIiZzIiOoNn: yellow help me plzz god
(25:49 / Allies) Rampager: heis tk
(25:53 / Allies) Rampager: he's tk
(25:54 / All) GooGooGaChoo: leave homo's
(27:58 / Allies) Rampager: kill ye
(28:22 / All) Kbilly: I told you yellow was an asshole
(28:27 / All) GooGooGaChoo: leave retard
(28:34 / All) Kbilly: you still lose purple
(28:36 / Allies) VvIiZzIiOoNn: me and yellow r gonan go fuck them up tho
(28:40 / All) GooGooGaChoo: do i really?
(28:40 / All) OShiiii: You were so nice yestery KBilly why the change in attitude?
(28:41 / All) GooGooGaChoo: we'll see
(28:49 / All) OShiiii: you needed this attitude adjustment
(29:00 / All) Kbilly: And not you?
(29:29 / Allies) OShiiii: What did I do wrong?
(29:30 / Allies) OShiiii: Nothing
(29:37 / Allies) Rampager: solo gamer
(29:39 / Allies) Kbilly: You were rude to us and refused to play as a team.
(29:44 / Allies) OShiiii: So what you ain't the commander
(29:53 / Allies) Rampager: team game u fukoff
(29:59 / All) OShiiii: Yeah it's a team
(30:00 / Allies) Kbilly: That gives you no right to be rude and unhelpful.
(30:03 / All) OShiiii: we should make team decisions
(30:05 / Allies) Rampager: so dont solo
(30:09 / All) OShiiii: It's a democracy bro
(30:13 / All) OShiiii: I voted for CC
(30:14 / Allies) Rampager: or just play 1 v 1 fukoff
(30:15 / All) OShiiii: my vote counts
(30:23 / Allies) Rampager: no u solo
(30:26 / All) Kbilly: Your vote counts for 1 vote out of 4.
(30:36 / Allies) Rampager: just play 1 v 1
(30:54 / Allies) Rampager: next i kill OShiiii first
(31:08 / All) GooGooGaChoo: leave homo's
(31:19 / Allies) Rampager: next time i kill OShiiii first
(31:52 / Allies) Kbilly: You don'ot want to win yellow?
(32:10 / Allies) Rampager: he's a shithead what do u expect?
(32:13 / Allies) OShiiii: You were rude
(32:19 / Allies) Rampager: just the truth
(32:21 / Allies) Kbilly: You were rude.
(32:22 / Allies) Kbilly: Get over it.
(32:27 / Allies) OShiiii: I wasn't rude till you were
(32:28 / Allies) Rampager: just the facts
(32:33 / Allies) OShiiii: I told you that I was an enemy you didn't want
(32:41 / Allies) Rampager: u were rude by the way u play
(33:15 / Allies) Rampager: classic tker
(33:17 / All) GooGooGaChoo: serisly guys
(33:18 / All) GooGooGaChoo: leave
(33:21 / All) GooGooGaChoo: ur a waste of my fresh air
(33:26 / All) Kbilly: Fuck you purple.
(33:28 / All) Kbilly: You still lose.
(33:31 / Allies) Rampager: u just showed urself a shithead
(33:43 / All) OShiiii: Red you need people skills
(33:51 / All) OShiiii: you'll get nowhere in life with that attitude
(34:17 / Allies) Rampager: look at ur attitude
(34:24 / Allies) OShiiii: What about it?
(34:25 / Allies) Rampager: u die by urself solo gamer
(34:27 / Allies) Kbilly: You'ore going to lose too yellow.
(34:36 / Allies) OShiiii: O?
(35:00 / Allies) Rampager: told u all to kill ye first
(35:11 / Allies) Rampager: remember that for next game
(35:12 / All) OShiiii: I'm bringing justice to this world
(35:22 / Allies) Rampager: tyrant
(35:30 / All) OShiiii: A criminal would say that
(35:31 / Allies) Rampager: selfish shithead
(36:40 / All) OShiiii: WE GOT A FUGITIVE ON THE RUN FROM THE LAW
(36:44 / Allies) Kbilly: Would you like to win yellow?
(36:48 / All) OShiiii: Sure
(36:51 / All) OShiiii: I need an icon
(36:53 / Allies) Kbilly: Then let's win.
(36:55 / All) OShiiii: Just need 25 wins
(36:57 / Allies) Rampager: he's a solo gamer
(36:58 / All) OShiiii: then I get an icon!
(37:04 / All) OShiiii: Maybe I could join a clan then
(37:33 / All) OShiiii: Do you remember ForgetHer?
(37:53 / All) GooGooGaChoo: ur 3 clown alleis are still here
(38:09 / Allies) VvIiZzIiOoNn: so wtf is going on yellow r u gonna kill purple or wat
(38:30 / All) OShiiii: You can't run from the law forever
(38:30 / All) OShiiii: boy
(38:49 / Allies) Rampager: ye sounds like a bigot
(39:01 / All) OShiiii: Are you one of them nigger boys?
(39:04 / All) GooGooGaChoo: let ME GUESS CLOWNS,
(39:08 / Allies) VvIiZzIiOoNn: yellow u fuckin stupid faggit r u gonna kill purple or keep fucking ur own mother all day and night
(39:09 / All) GooGooGaChoo: "U DONT CARE ABOUT THE WIN"
(39:12 / All) GooGooGaChoo: BUT YOU'LL STAY FOREVER
(39:14 / All) OShiiii: it's in your DNA
(39:30 / All) OShiiii: Why would I kill purple?
(39:32 / All) OShiiii: He is my deputy
(39:44 / Allies) Rampager: ye is father and son at the sametime
(39:47 / All) VvIiZzIiOoNn: ur a dum fuck
(39:50 / All) GooGooGaChoo: THE ONLY reason u guys opposed a threat was because i focused on towers not units
(40:00 / All) OShiiii: This here is what we call a Mexican Standoff
(40:07 / All) Kbilly: That is a facile and inaccurate observation.
(40:12 / All) GooGooGaChoo: teal areu here
(40:15 / All) VvIiZzIiOoNn: ur mother is a mexican whore bag
(40:26 / All) GooGooGaChoo: teal i have a question
(40:32 / All) GooGooGaChoo: this question is for pink and green as well
(40:42 / All) OShiiii: No team can win
(40:48 / All) OShiiii: Except by the other team leaving
(40:49 / All) GooGooGaChoo: will you guys be willing to leave your computer and internets running for days upon days?
(40:55 / All) GooGooGaChoo: drop
(41:08 / All) GooGooGaChoo: do u understand green
(41:11 / All) GooGooGaChoo: and teal
(41:18 / All) GooGooGaChoo: person with the best internet wins, its between u two
(41:24 / All) GooGooGaChoo: i will leave the game and so will yellow
(42:49 / All) GooGooGaChoo: my team
(42:51 / All) GooGooGaChoo: was so bad
(42:55 / All) GooGooGaChoo: i told them to attack green
(43:00 / All) GooGooGaChoo: and they just stood on their ass
(43:04 / All) GooGooGaChoo: they were scared by a couple archers
(43:29 / All) Kbilly: Now yellow is killing his own units.
(43:36 / All) GooGooGaChoo: i did the best i could by denying them expos, my team had no units and i didnt have a lot cuz i had to mass towers
(43:39 / All) GooGooGaChoo: no shti green
(43:40 / All) GooGooGaChoo: idiot
(43:44 / All) GooGooGaChoo: green do u not understand
(43:50 / All) GooGooGaChoo: me and yellow are brothers
(43:53 / All) GooGooGaChoo: u have been hoaxed
(43:55 / All) OShiiii: Purple and I are leaving
(44:03 / All) OShiiii: We're leaving you two without a means of victory
(44:05 / All) Kbilly: I'm just giving you the update since you are hidden behind the fog of war.
(44:07 / All) OShiiii: except by the other leaving
(44:12 / All) GooGooGaChoo: let me reveal
(44:15 / All) GooGooGaChoo: ur bases so teal sees
(44:55 / All) GooGooGaChoo: lawl i still had bats
(44:59 / All) OShiiii: and burrows
(46:07 / All) OShiiii: Farewell, gentlemen.
(46:07 / All) GooGooGaChoo: u have a zeplin
(46:08 / All) GooGooGaChoo: teal
(46:11 / All) OShiiii: Best of luck to you
(46:13 / All) GooGooGaChoo: good luck men